 Dungeon Crawl Stone Soup version 0.28-a0-1567-g1695149f81 (webtiles) character file.

Game seed: 4105978228091896454

75 parzival7114810 the Skirmisher (level 4, -1/40 HPs)
             Began as a Hill Orc Fighter on Jan 18, 2022.
             Slain by Grinder (2 damage)
             ... on level 3 of the Dungeon on Jan 19, 2022.
             The game lasted 00:04:46 (3444 turns).

parzival7114810 the Skirmisher (Hill Orc Fighter)   Turns: 3444, Time: 00:04:49

Health: -1/40      AC: 12    Str: 20    XL:     4   Next: 31%
Magic:  4/4        EV:  5    Int:  8    God:
Gold:   88         SH:  4    Dex: 10    Spells: 3/3 levels left

rFire   . . .      SeeInvis +   a - +0 war axe
rCold   . . .      Faith    .   c - +0 buckler
rNeg    . . .      Spirit   .   e - +0 plate armour
rPois   .          Reflect  .   (no helmet)
rElec   .          Harm     .   (no cloak)
rCorr   .          Rampage  .   (no gloves)
Will    .....                   g - +0 pair of boots
Stlth   ..........              (no amulet)
HPRegen 0.13/turn               i - ring of see invisible
MPRegen 0.09/turn               (no ring)

@: no status effects
A: no striking features
a: no special abilities


You were on level 3 of the Dungeon.
You visited 1 branch of the dungeon, and saw 3 of its levels.

You collected 88 gold pieces.

Inventory:

Hand Weapons
 a - a +0 war axe (weapon)
Armour
 b - a +0 scale mail
 c - a +0 buckler (worn)
 e - a +0 plate armour (worn)
 g - a +0 pair of boots (worn)
Jewellery
 i - a ring of see invisible (left hand)
 k - a ring of protection from fire
Scrolls
 f - 2 scrolls of identify
 h - 2 scrolls of fog
 j - a scroll of fear
Potions
 d - a potion of might


   Skills:
 + Level 4.1 Fighting
 + Level 4.1 Axes
 + Level 4.0 Armour
 + Level 0.1 Dodging
 + Level 0.7 Stealth
 + Level 3.5 Shields


You had 3 spell levels left.
You didn't know any spells.
Your spell library contained the following spells:

 Spells                   Type           Power      Damage    Failure   Level
 Shock                    Conj/Air       0%         1d3       100%        1
 Dazzling Flash           Conj/Hex       0%         N/A       100%        3
 Stone Arrow              Conj/Erth      0%         3d7       100%        3
 Swiftness                Air            0%         N/A       100%        3
 Airstrike                Air            0%         N/A       100%        4
 Animate Armour           Summ/Erth      0%         N/A       100%        4
 Agony                    Necr           0%         N/A       100%        5
 Silence                  Hex/Air        0%         N/A       100%        5
 Lehudib's Crystal Spear  Conj/Erth      0%         10d2      100%        8


Dungeon Overview and Level Annotations

Branches:
Dungeon (3/15)

Altars:
Yredelemnul

Annotations:
D:3 Grinder


Message History

You hit the kobold.
You kill the kobold!
Grinder blinks!
Unknown command.
You see here a +0 club.
You see here 11 gold pieces.
You barely miss Grinder.
Grinder is heavily wounded.
Grinder says, "Mostly I couldn't keep them alive."
Grinder gestures at you. Pain shoots through your body!
You slash Grinder!
Grinder is severely wounded.
Grinder hits you but does no damage.
You hit Grinder but do no damage.
Grinder is severely wounded.
Grinder says, "Wait up."
Grinder gestures at you.
You suddenly lose the ability to move!
Grinder hits you but does no damage. Grinder gestures at you.
You barely resist. Grinder gestures at you.
You shrug off the repeated paralysis!
Grinder hits you.
* * * LOW HITPOINT WARNING * * *
Grinder says, "I used to sell toenails on the black market."
Grinder hits you!
* * * LOW HITPOINT WARNING * * *
You writhe in agony.
* * * LOW HITPOINT WARNING * * *
You can move again.
You hit Grinder.
Grinder is almost dead.
Grinder hits you.
* * * LOW HITPOINT WARNING * * *
Grinder hits you but does no damage.
As you read the scroll of fog, it crumbles to dust.
The scroll dissolves into smoke.
Grinder hits you.
You die...

##.## #..# #..#
#..# ##.# #..#
#.## #..# #..#
#..# ##.## #..#
#..# #..#
##.###.§########
#..##.§5@§)...#.#
##.###.§§§§.....#
#.# #§§§####...#
#.###...# ..#
#..##...# .#
##[##...# #
#..#.### ##.#.#
#.#.# #+#


You could see Grinder.

Vanquished Creatures
  A gnoll (D:1)
  An adder (D:2)
  A worm (D:3)
  2 dart slugs (D:1)
  An orc (D:3)
  7 ball pythons
  3 endoplasms
  A giant cockroach (D:1)
  4 goblins
  5 hobgoblins
  8 kobolds
  4 quokkas
  A bat (D:1)
  3 frilled lizards
  6 rats
48 creatures vanquished.

Notes
Turn   | Place    | Note
-------+----------+-------------------------------------------
     0 | D:1      | parzival7114810 the Hill Orc Fighter began the quest for
                  | the Orb.
     0 | D:1      | Reached XP level 1. HP: 19/19 MP: 1/1
   104 | D:1      | Reached XP level 2. HP: 15/27 MP: 2/2
  1010 | D:1      | Reached XP level 3. HP: 28/33 MP: 3/3
  1060 | D:1      | Found a faded altar of an unknown god.
  1667 | D:1      | Upgraded the game from 0.28-a0-1555-g9ae15a6949 to
                  | 0.28-a0-1567-g1695149f81
  2399 | D:2      | Reached XP level 4. HP: 31/40 MP: 4/4
  3243 | D:3      | Found a basalt altar of Yredelemnul.
  3412 | D:3      | Noticed Grinder
  3420 | D:3      | Paralysed by Grinder for 7 turns
  3437 | D:3      | Paralysed by Grinder for 6 turns
  3442 | D:3      | HP: 2/40 [Grinder (3)]
  3444 | D:3      | Slain by Grinder

Illustrated notes

Levels and vault maps discovered:
D:1:      erik_arrival_cave_to_civilisation [erik_arrival_cave_to_hall],
          layout_loops_ring, shapermc_ecumenical_altar_notcrosses, hex_medium
D:2:      layout_basic, minmay_pentomino_x4
D:3:      layout_basic, lemuel_round_altar, uniq_grinder

Skill      XL: |  1  2  3  4 |
---------------+-------------+-----
Axes           | 3 4 |  4.1
Fighting       | 4 |  4.1
Armour         | 4 |  4.0
Dodging        | |  0.1
Stealth        | |  0.7
Shields        | |  3.5

Action                   |  1- 3 |  4- 6 || total
-------------------------+-------+-------++-------
Melee: War axe           |    77 |    37 ||   114
  Use: Scroll            |     4 |     2 ||     6
       Potion            |     1 |     1 ||     2
Armor: Scale mail        |    23 |       ||    23
       Plate armour      |    16 |    40 ||    56
Dodge: Dodged            |    32 |     8 ||    40
Block: Buckler           |    18 |    10 ||    28

Table legend: (Time is in decaauts)
 A = Elapsed time spent in this place.
 B = Non-inter-level travel time spent in this place.
 C = Inter-level travel time spent in this place.
 D = Time resting spent in this place.
 E = Time spent auto-exploring this place.
 F = Levels seen in this place.
 G = Mean time per level.
                   A        B        C        D        E       F      G
               +--------+--------+--------+--------+--------+-----+--------+
         Total |   3488 |   3309 |    179 |   1096 |   1727 |   3 | 1162.7 |
       Dungeon |   3488 |   3309 |    179 |   1096 |   1727 |   3 | 1162.7 |
               +--------+--------+--------+--------+--------+-----+--------+

Top non-repeatable levels by time:
     D:1: 1747 daAuts
     D:2: 1330 daAuts
     D:3: 410 daAuts
